 Dungeon Sprint DCSS version 0.23-a0-32-g1388f29e54 (webtiles) character file.

46 GordonOverkill the Skirmisher (level 3, 0/36 HPs)
             Began as a Ghoul Monk on Aug 4, 2018.
             Slain by an orc
             ... wielding a +0 flail
              (9 damage)
             ... in the Dungeon (Sprint IX: "|||||||||||||||||||||||||||||").
             The game lasted 00:00:29 (150 turns).

GordonOverkill the Skirmisher (Ghoul Monk)           Turns: 150, Time: 00:00:29

Health: 0/36       AC:  2    Str: 15    XL:     3   Next: 66%
Magic:  2/2        EV: 13    Int:  5    God:
Gold:   0          SH:  0    Dex: 11    Spells: 2/2 levels left

rFire    . . .     SeeInvis .     - Unarmed
rCold    + . .     Gourm    .   (no shield)
rNeg     + + +     Faith    .   a - +0 robe
rPois    ∞         Spirit   .   (no helmet)
rElec    .         Reflect  .   (no cloak)
rCorr    .         Harm     .   (no gloves)
MR       .....     NoTele   +   (no boots)
Stlth    +++.......             (no amulet)
HPRegen  0.00/turn              (no ring)
MPRegen  0.08/turn              (no ring)

@: rotting
A: rotting body, claws 1, carnivore, cold resistance 1, negative energy
resistance 3, inhibited regeneration, torment resistance, unbreathing
a: no special abilities


You were in the Dungeon.
You were not hungry.

You visited 1 branch

Inventory:

Armour
 a - a +0 robe (worn)
Scrolls
 h - a scroll of blinking
Potions
 d - a potion of heal wounds
 e - a potion of haste
 f - 2 potions of magic
 g - a potion of berserk rage
Comestibles
 b - a ration


   Skills:
 - Level 5.0 Fighting
 + Level 4.1 Dodging
 + Level 4.6 Stealth
 + Level 5.0 Unarmed Combat


You had 2 spell levels left.
You didn't know any spells.
Your spell library was empty.

Dungeon Overview and Level Annotations

Branches:
Dungeon (1/1)

Altars:


Innate Abilities, Weirdness & Mutations

Your body is rotting away.
You thrive on raw meat.
You are immune to poison.
You have sharp fingernails.
You are carnivorous and can eat meat at any time.
Your flesh is cold resistant. (rC+)
You are immune to negative energy. (rN+++)
You do not regenerate when monsters are visible.
You are immune to unholy pain and torment.
You can survive without breathing.


Message History

The orc wizard misses you.
You are too injured to fight recklessly!
You scratch the orc wizard.
The orc wizard is heavily wounded.
The orc wizard hits you with a dagger.
* * * LOW HITPOINT WARNING * * *
You are too injured to fight recklessly!
You claw the orc wizard!
You kill the orc wizard!
Training target 5.0 for Fighting reached!
Your Fighting skill increases to level 5!
Your Dodging skill increases to level 4!
Your Stealth skill increases to level 4!
Your Unarmed Combat skill increases to level 5!
You have reached level 3!
Your experience leads to an increase in your attributes!
Increase (S)trength, (I)ntelligence, or (D)exterity?
You feel stronger.
You feel better. The orc hits you with a flail!
You die... ▓▓▓▓▓▓▓▓▓▓▓▓▓▓▓▓▓▓ ▓<..(')....@o5...+ ▓▓▓▓▓▓▓▓▓▓▓▓▓▓▓▓▓▓

You could see a shadow imp and an orc.

Vanquished Creatures
  An orc wizard (D)
  A shadow imp (D)
  A dart slug (D)
  A goblin (D)
  A jackal (D)
  A kobold (D)
  A ball python (D)
  A giant cockroach zombie (D)
8 creatures vanquished.

Notes
Turn   | Place    | Note
-------+----------+-------------------------------------------
     0 | D        | GordonOverkill the Ghoul Monk began the quest for the Orb.
     0 | D        | Reached XP level 1. HP: 19/19 MP: 0/0
    15 | D        | Reached XP level 2. HP: 18/27 MP: 1/1
   149 | D        | Reached skill level 5 in Fighting
   149 | D        | Reached skill level 5 in Unarmed Combat
   149 | D        | Reached XP level 3. HP: 2/36 MP: 2/2
   150 | D        | Slain by an orc

Vault maps used:
D:        linesprint

Skill      XL: |  1  2 |
---------------+-------+-----
Dodging        | 3 4 |  4.1
Stealth        | 3 4 |  4.6
Fighting       | 5 |  5.0
Unarmed Combat | 5 |  5.0

Action                   || total
-------------------------++-------
Melee: Unarmed           ||    38
  Use: Potion            ||     1
  Eat: Chunk             ||     3
Armor: Robe              ||     4
Dodge: Dodged            ||    20

Table legend:
 A = Spawn XP
 B = Non-spawn XP
 C = Spawn XP percentage of total XP
 D = Spawn monster count
 E = Non-spawn monster count
 F = Spawn count percentage of total count
 G = Total turns spent on level
                    A         B        C        D         E        F      G
               +---------+---------+-------+---------+---------+-------+---------
         Total |       0 |      66 |   0.0 |       0 |       8 |   0.0 |   150
               +---------+---------+-------+---------+---------+-------+---------
             D |       0 |      66 |   0.0 |       0 |       8 |   0.0 |   150
               +---------+---------+-------+---------+---------+-------+---------
